Map: Ever Dream LE

Players

goblin - Winner!

  • Race: Protoss Protoss
  • League: Grandmaster
  • Spawn Location: 1:00

Garitos

  • Race: Zerg Zerg
  • League: Grandmaster
  • Spawn Location: 7:00

Event: DreamHack SC2 Masters 2020 Fall

VOD

Have the link to the VOD?

Description

Time

  • Played on: Aug. 28, 2020, 11:26 a.m.
  • Length: 14:44

All games in this series

Show
View Real Time Build Order
Export as new Build Order

goblin Protoss - Winner!

Build Orders:  

Get SALT Encoding   

  12  0:00  Probe  
  13  0:12  Probe  
  14  0:18  Pylon  
  14  0:24  Probe (Chrono Boost)  
  15  0:37  Gateway, Probe (Chrono Boost)  
  16  0:44  Probe (Chrono Boost)  
  16  0:46  Assimilator  
  17  0:51  Probe  
  18  1:04  Probe  
  19  1:18  Gateway  
  19  1:24  Cybernetics Core  
  19  1:28  Probe  
  20  1:42  Probe  
  20  1:43  Pylon  
  21  2:03  Adept x2 (Chrono Boost)  
  25  2:26  Nexus  
  25  2:32  Warp Gate (Chrono Boost)  
  25  2:35  Assimilator  
  25  2:39  Probe  
  26  2:45  Stalker  
  28  2:52  Pylon  
  28  2:55  Probe  
  29  3:07  Probe  
  30  3:17  Adept  
  32  3:21  Shield Battery  
  32  3:22  Shield Battery  
  32  3:29  Shield Battery  
  32  3:36  Shield Battery  
  28  3:42  Sentry  
  28  3:47  Shield Battery  
  30  3:54  Shield Battery  
  30  4:05  Shield Battery  
  30  4:13  Cybernetics Core  
  30  4:14  Shield Battery  
  30  4:16  Sentry x2  
  34  4:19  Probe x2  
  36  4:27  Pylon  
  36  4:34  Probe (Chrono Boost)  
  36  4:36  Probe (Chrono Boost)  
  38  4:45  Probe (Chrono Boost)  
  40  4:46  Probe (Chrono Boost)  
  40  4:51  Sentry  
  40  4:52  Robotics Facility  
  42  4:55  Probe (Chrono Boost)  
  44  5:01  Probe (Chrono Boost)  
  44  5:05  Probe (Chrono Boost)  
  45  5:09  Probe (Chrono Boost)  
  45  5:10  Probe (Chrono Boost)  
  47  5:16  Gateway  
  47  5:19  Sentry  
  47  5:20  Probe  
  50  5:22  Probe  
  51  5:32  Probe  
  51  5:34  Probe  
  53  5:36  Immortal (Chrono Boost)  
  57  5:43  Pylon  
  57  5:44  Probe  
  57  5:45  Sentry  
  57  5:46  Probe  
  57  5:48  Assimilator  
  61  5:51  Assimilator  
  61  6:01  Gateway x2  
  61  6:04  Probe  
  62  6:06  Immortal (Chrono Boost)  
  66  6:19  Sentry  
  66  6:20  Probe x2  
  66  6:24  Gateway  
  70  6:27  Gateway x2  
  70  6:39  Warp Prism (Chrono Boost)  
  70  6:45  Pylon  
  70  6:46  Pylon  
  70  6:50  Pylon  
  70  7:06  Sentry x3, Stalker, Pylon  
  78  7:14  Robotics Bay  
  78  7:16  Observer  
  78  7:18  Pylon  
  79  7:28  Pylon  
  79  7:30  Zealot x2, Stalker x4  
  91  7:38  Pylon  
  81  8:00  Stalker x3  
  81  8:01  Zealot, Stalker x3  
  81  8:05  Disruptor (Chrono Boost)  
  78  8:32  Disruptor (Chrono Boost)  
  74  8:40  Gravitic Drive, Stalker  
  74  8:41  Zealot x4, Stalker  
  83  8:42  Zealot  
  91  9:02  Colossus (Chrono Boost)  
  89  9:18  Zealot x5  
  89  9:20  Zealot  
  101  9:24  Pylon  
  99  9:39  Stalker  
  99  9:43  Colossus (Chrono Boost)  
  107  9:46  Pylon  
  107  9:52  Sentry x3  
  112  10:07  Probe  
  113  10:15  Nexus  
  113  10:16  Sentry x2, Pylon  
  113  10:17  Zealot  
  113  10:18  Pylon  
  119  10:27  Colossus (Chrono Boost)  
  125  10:37  Probe x2  
  127  10:49  Sentry x2  
  131  10:52  Assimilator, Probe  
  131  10:53  Probe  
  131  10:54  Assimilator  
  131  10:55  Pylon  
  133  11:04  Twilight Council, Probe  
  133  11:07  Forge  
  133  11:10  Extended Thermal Lance  
  131  11:21  Probe x2  
  131  11:24  Shield Battery  
  133  11:27  Shield Battery  
  133  11:30  Protoss Ground Weapons Level 1, Probe (Chrono Boost)  
  134  11:36  Blink (Chrono Boost), Probe x2 (Chrono Boost)  
  136  11:42  Probe (Chrono Boost)  
  139  11:49  Probe x2 (Chrono Boost)  
  139  11:58  Colossus (Chrono Boost)  
  139  12:05  Sentry, Stalker x2  
  139  12:06  Stalker  
  153  12:26  Sentry, Stalker x2  
  153  12:28  Gateway  
  159  12:31  Probe  
  159  12:35  Photon Cannon  
  159  12:36  Pylon  
  158  13:03  Colossus (Chrono Boost)  
  158  13:10  Stalker  
  158  13:11  Stalker x2  
  158  13:12  Pylon  
  170  13:13  Pylon  
  170  13:24  Sentry x2, Stalker x3  
  180  13:41  Nexus  
  180  13:45  Pylon  
  180  13:47  Photon Cannon  
  180  14:04  Sentry x2  
  180  14:05  Sentry, Stalker x3  
  180  14:06  Stalker  
  158  14:34  Stalker x7  
  158  14:35  Stalker  
Show
View Real Time Build Order
Export as new Build Order

Garitos Zerg 

Build Orders: 3 Hatch before Pool 

Get SALT Encoding   

  12  0:00  Drone  
  13  0:12  Overlord  
  13  0:16  Drone  
  14  0:30  Drone x2  
  16  0:51  Hatchery  
  15  1:11  Hatchery  
  15  1:14  Drone  
  15  1:18  Drone  
  16  1:21  Drone  
  17  1:28  Extractor  
  16  1:38  Spawning Pool  
  16  1:40  Evolution Chamber  
  16  1:41  Drone x2  
  16  1:46  Drone  
  19  2:04  Hatchery  
  19  2:05  Drone x2  
  20  2:14  Overlord  
  20  2:24  Queen  
  20  2:28  Queen  
  24  2:39  Zergling x4  
  24  2:40  Evolution Chamber  
  24  2:42  Zergling x2  
  26  2:49  Zergling x4  
  28  2:55  Metabolic Boost  
  27  2:59  Zergling x2  
  27  3:06  Zergling x2  
  27  3:07  Zergling x2  
  27  3:11  Zergling x2  
  30  3:18  Zergling x2  
  29  3:22  Zergling x2  
  29  3:26  Zergling x2  
  29  3:37  Zergling x2  
  29  3:40  Zergling x2  
  30  3:54  Zergling x6  
  32  4:02  Zergling x4  
  33  4:09  Drone x2  
  35  4:10  Drone  
  34  4:27  Drone x3  
  34  4:28  Drone  
  34  4:29  Drone x2  
  34  4:31  Drone  
  37  4:47  Drone x2  
  39  4:53  Drone  
  39  4:54  Drone  
  39  4:59  Overlord  
  41  5:01  Roach Warren, Overlord  
  41  5:03  Drone  
  41  5:11  Zergling x2  
  42  5:18  Drone  
  42  5:19  Drone x2  
  42  5:20  Drone x3  
  48  5:23  Zerg Melee Weapons Level 1  
  48  5:28  Drone x2  
  48  5:29  Drone  
  50  5:39  Drone x3  
  50  5:41  Roach  
  55  5:44  Extractor  
  55  5:46  Zergling x2  
  55  5:48  Overlord  
  55  5:52  Roach  
  57  6:07  Zergling x4  
  57  6:09  Drone x2  
  60  6:11  Hatchery  
  59  6:20  Overlord  
  59  6:21  Overlord  
  59  6:32  Extractor x2, Overlord  
  55  6:40  Roach x3  
  55  6:41  Roach x2, Zergling x4  
  55  6:42  Zergling x2  
  68  6:47  Overlord  
  68  6:52  Zergling x2  
  69  6:55  Ravager x2  
  71  7:02  Ravager  
  71  7:03  Zergling x8  
  71  7:08  Ravager  
  77  7:09  Zergling x6  
  77  7:11  Zergling x2  
  77  7:14  Zergling x2  
  82  7:17  Ravager  
  82  7:18  Ravager  
  84  7:23  Zergling x2  
  84  7:24  Zergling x2  
  84  7:25  Zergling x4  
  84  7:26  Zergling x2  
  84  7:28  Lair  
  89  7:31  Drone  
  89  7:33  Overlord x2  
  89  7:34  Overlord x2  
  89  7:43  Zergling x2  
  80  7:53  Zergling x12  
  81  7:58  Zergling x2  
  81  8:02  Zergling x10  
  80  8:07  Roach  
  80  8:08  Roach  
  80  8:10  Ravager  
  80  8:11  Roach x2  
  80  8:12  Zergling x2  
  90  8:14  Zergling x2  
  83  8:21  Zergling x2  
  83  8:22  Zergling x2  
  83  8:24  Zergling x2  
  77  8:32  Zergling x4  
  74  8:35  Queen x2  
  74  8:36  Glial Reconstitution  
  74  8:39  Ravager x4  
  82  8:41  Zergling x2  
  82  8:43  Zergling x2  
  82  8:46  Zergling x2  
  82  8:48  Zergling x2  
  86  8:49  Zergling x2  
  84  8:59  Zergling x2  
  81  9:03  Zergling x2  
  81  9:04  Zergling x2  
  81  9:05  Zergling x4  
  81  9:09  Zergling x4  
  84  9:10  Zergling x2  
  84  9:12  Zergling x4  
  84  9:14  Zergling x4  
  84  9:15  Zergling x2  
  90  9:22  Roach  
  92  9:31  Roach x2  
  91  9:33  Roach  
  91  9:35  Roach  
  91  9:37  Roach  
  91  9:38  Roach x2  
  103  9:40  Baneling Nest  
  103  9:44  Ravager  
  103  9:48  Drone x6  
  103  9:50  Drone  
  110  9:57  Drone  
  110  9:58  Drone  
  112  10:02  Drone  
  113  10:10  Overlord x2  
  113  10:13  Overlord  
  107  10:14  Zerg Melee Weapons Level 2  
  107  10:16  Roach x3  
  113  10:28  Zergling x14  
  113  10:31  Pneumatized Carapace  
  113  10:35  Queen  
  113  10:38  Drone x2  
  113  10:40  Baneling x3  
  105  10:51  Drone x2  
  105  10:52  Drone x6  
  105  10:57  Centrifical Hooks  
  113  10:59  Roach  
  113  11:01  Ravager x2  
  117  11:08  Roach x3  
  117  11:09  Zergling x2  
  117  11:10  Overseer  
  124  11:17  Zergling x10  
  127  11:33  Zergling x6  
  127  11:34  Zergling x6  
  133  11:40  Baneling  
  133  11:41  Baneling x4  
  133  11:42  Zergling x2  
  133  11:43  Zergling x6  
  137  11:53  Baneling x12  
  132  11:59  Zergling x2  
  132  12:00  Zergling x4  
  132  12:01  Zergling x2  
  136  12:04  Drone  
  137  12:22  Overlord  
  126  12:24  Drone x2  
  126  12:25  Drone x6  
  126  12:26  Overlord  
  126  12:27  Queen  
  136  12:31  Overlord, Hatchery  
  136  12:35  Overlord  
  137  12:37  Roach, Overlord  
  139  12:44  Roach  
  139  12:45  Roach x3  
  133  12:51  Roach  
  131  12:59  Roach x3  
  137  13:07  Roach  
  137  13:09  Zergling x4  
  141  13:15  Zergling x4  
  141  13:17  Zergling x6  
  146  13:21  Drone  
  147  13:28  Zergling x4  
  147  13:32  Zergling x2  
  150  13:36  Queen  
  150  13:37  Zergling x2  
  150  13:38  Zergling x2  
  150  13:40  Zergling x4  
  156  13:42  Baneling x7  
  156  13:43  Baneling  
  156  13:45  Baneling  
  156  13:49  Zergling x4  
  156  13:54  Zergling x4  
  156  13:55  Zergling x4  
  161  13:59  Zergling x4  
  161  14:00  Zergling x2  
  161  14:01  Zergling x2  
  161  14:02  Zergling x2  
  161  14:04  Baneling x5  
  161  14:07  Zergling x2  
  160  14:13  Zergling x6  
  160  14:14  Zergling x4  
  152  14:22  Zergling x4  
  123  14:24  Zergling x2  
  123  14:25  Roach, Zergling x8  

Tags
 
Add a new tag
Caveats
  • Supply blocks, unpowered buildings, or Contaminate may cause inaccurate times.
  • Supply counts are checked every 10 seconds.